Workbook
Name \a: '[1]ASSESSMENT STAGE 2'!#REF!
Name _SBHS_15_: '[1]ASSESSMENT STAGE 2'!#REF!
Name clear: #N/A
Name printout: #N/A

Sheet VVVVa

Sheet 1 P&G
A1: BILL NO 1 - PRELIMINARY AND GENERAL
A3: SHAYAMOYA ELECTRIFICATION
A4: Item | B4: Discription | D4: Unit | E4: Qty | F4: Rate | G4: Total Price
A6: 1 | B6: Condition of Contract
A8: 1.1 | B8: Compliance with all the contractual requirements of the
B9: contract, including project programming, outage
B10: management, weekly progress reporting, materials
B11: management, meetings and quality & environmental
B12: management. | D12: sum | E12: 1 | G12: =F12*E12 -> 0
A14: 1.2 | B14: Establish facilities on site. The Contractor shall provide
B15: fenced space with fence at least 1.8m high with
B16: a lockable gate for a temporary Site Office and Stores
B17: where all drawings and Specifications will be kept, as
B18: well as the provision of safe and Facilities for Contractor:
B20: a) Offices & storage sheds | D20: sum | E20: 1 | G20: =F20*E20 -> 0
B22: b) Establishment of staff accommodation, office
B23: accommodation on site for site meetings and a Clerk
B24: of Works including office furniture and telephone /
B25: telefax as specified and facilities. | D25: sum | E25: 1 | G25: =F25*E25 -> 0
B27: c) Ablution & latrine facilities | D27: sum | E27: 1 | G27: =F27*E27 -> 0
B29: d) Tools & equipment | D29: sum | E29: 1 | G29: =F29*E29 -> 0
B31: e) Water supplies, electric power & communications | D31: sum | E31: 1 | G31: =F31*E31 -> 0
A33: 1.3 | B33: Other fixed charge obligations | D33: sum | E33: 1 | G33: =F33*E33 -> 0
A35: 1.4 | B35: Removal of all items indicated above upon completion
B36: of construction and making good and restoring of the Site
B37: to the satisfaction of the Project Manager. | D37: sum | E37: 1 | G37: =F37*E37 -> 0
A39: 1.5 | B39: Provision of "As Built" drawings. | D39: sum | E39: 1 | G39: =F39*E39 -> 0
A41: 1.6 | B41: Construction Name Board - The Contractor shall
B42: supply, install and maintain a project sign board
B43: bearing the name of the project,
B44: the name and logo of Dannhauser Municipality, the Consultant and the Contractor. | D44: sum | E44: 1 | G44: =+E44*F44 -> 0
B45: theConsultant and the Contractor.
A47: 1.7 | B47: Provision of samples of materials to be used
B48: (only materials supplied by contractor). | D48: sum | E48: 1 | G48: =+E48*F48 -> 0
A50: 1.8 | B50: Provision for the compilation of the Construction
B51: Programme, to be done in MS Project and updated on
B52: a fortnight basis and Quality Assurance Programme for
B53: the works. | D53: sum | E53: 1 | G53: =F53*E53 -> 0
A55: 2 | B55: Occupational Health & Safety Requirements
A57: 2.1 | B57: Provision for Legal and Contractual Compliance. | D57: sum | E57: 1 | G57: =F57*E57 -> 0
A59: 2.2 | B59: Provision of personal protective equipment and clothing
B60: for all the contractor's staff, including sub-contractors. | D60: sum | E60: 1 | G60: =F60*E60 -> 0
A62: 2.3 | B62: Provision of safety measures, e.g.. Fall arrest systems,
B63: shoring for safety purposes etc. | D63: sum | E63: 1 | G63: =F63*E63 -> 0
A65: 2.4 | B65: Compliance with OH&S Act & Construction Regulations. | D65: sum | E65: 1 | G65: =F65*E65 -> 0
B68: Amount carried over to next page | G68: =SUM(G12:G67) -> 0
A69: Item | B69: Discription | D69: Unit | E69: Qty | F69: Rate | G69: Total Price
B71: Amount brought forward from previous page | G71: =G68 -> 0
A74: 3 | B74: Compliance with the Requirements for the
B75: Expanded Public Works Programme.
B77: Note: The reports are to be submitted with the
B78: contractors monthly invoice.
A80: 3.1 | B80: Compliance with the Requirements for the Expanded
B81: Public Works Programme (incl. monthly reports). | D81: sum | E81: 1 | G81: =F81*E81 -> 0
A83: 4 | B83: Scanning of Meters
A85: 4.1 | B85: The Contractor shall make allowance to go to,
B86: any nearest Eskom RDC to have the meters
B87: scanned and recorded. The rate shall also
B88: include the implementation and maintenance
B89: Management System for the duration of the contract. | D89: sum | E89: 1 | G89: =+E89*F89 -> 0
A91: 4.2 | B91: Transport to Eskom Stores | D91: sum | E91: 1 | G91: =F91*E91 -> 0
A93: 5 | B93: Time Related Items (To maintain site for the
B94: project)
A96: 5.1 | B96: Operate and Maintain Facilities on Site
B97: Facilities for Contractor:
B99: a) Offices & storage sheds | D99: months | E99: 6 | G99: =F99*E99 -> 0
B101: b) Ablution & latrine facilities | D101: months | E101: =E99 -> 6 | G101: =F101*E101 -> 0
B103: c) Tools & equipment | D103: months | E103: =E99 -> 6 | G103: =F103*E103 -> 0
B105: d) Water supplies, electric power & communications | D105: months | E105: =E99 -> 6 | G105: =F105*E105 -> 0
B107: e) Safety related items | D107: months | E107: =E99 -> 6 | G107: =F107*E107 -> 0
A109: 5.2 | B109: Provision of office accommodation on site for site
B110: meetings and a Clerk of Works including office furniture
B111: and telephone / telefax as specified. | D111: months | E111: =E99 -> 6 | G111: =F111*E111 -> 0
A113: 5.3 | B113: Contract management and full time supervision of the
B114: works. | D114: months | E114: =E99 -> 6 | G114: =F114*E114 -> 0
A116: 5.4 | B116: Overhead costs | D116: months | E116: =E99 -> 6 | G116: =F116*E116 -> 0
A118: 5.5 | B118: Community Liaison Officer conversant in IsiZulu and local | D118: months | E118: =E99 -> 6 | G118: =F118*E118 -> 0
A120: 5.6 | B120: PSC meetings | D120: Months | E120: 2 | G120: =F120*E120 -> 0
A122: 6 | B122: Contractor shall provide security guard/s to ensure the
B123: site including offices, storage sheds and all
B124: material are protected from theft or any damage.
B125: The Contractor needs to ensure that the above mentioned
B126: is guarded 24hrs a day. | D126: months | E126: =E99 -> 6 | G126: =F126*E126 -> 0
B129: TOTAL: Carried forward to summary | G129: =SUM(G71:G127) -> 0

Sheet 2MV transformers, etc
A1: BILL NO 2 - MEDIUM VOLTAGE SWITCHGEAR, SECTIONALISERS, TRANSFORMERS, ETC
A3: SHAYAMOYA ELECTRIFICATION
A4: Item | B4: Description | D4: DDT Ref | E4: Unit | F4: Qty | H4: Supply Rate | I4: Install Rate | J4: Total Price
B6: Transformers (Coastal Spec) - Pole Mounted
B8: Installation of existing or new
B9: transformers on an ppropriate structure and secure
B10: as required including the termination of cables
B11: and conductors, the provision of suitable lugs
B12: for 35, 50 or 70mm conductor as required and
B13: all accessories. Excluding cable conductors, and
B14: the transformer structure. Include transport,
B15: offloading / loading, safe storage from appropriate
B16: supplier.
A18: 2.1 | B18: New Transformer 16kVA, 11kV/+240V | D18: 3021 | E18: No | F18: 1 | J18: =(I18+H18)*F18 -> 0
A20: 2.2 | B20: New Transformer 32kVA, 11kV/+240V/-240V | D20: 3021 | E20: No | F20: 0 | J20: =(H20+I20)*F20 -> 0
A22: 2.3 | B22: New Transformer 50kVA, 11kV/415V | D22: 3021 | E22: No | F22: 1 | J22: =(H22+I22)*F22 -> 0
A24: 2.4 | B24: Transformer 200kVA, 11kV/415V | D24: 3021 | E24: No | F24: 1 | G24: 112334.55 | J24: =(H24+I24)*F24 -> 0
A26: 2.5 | B26: Existing Transformers make good (16-100kVA) | D26: 3021 | E26: No | F26: 1 | J26: =(H26+I26)*F26 -> 0
B27: Medium Voltage Surge Arrestors
B29: Supply, deliver, off load on site and safely store
B30: on site the following surge arrestors, complete
B31: with galvanised steel mounting brackets
B32: for securing the surge arrestor, nuts, bolts, washers
B33: and lock washers as specified. Secure the surge
B34: arrestor and brackets to the transformer as
B35: specified including the termination of conductors
B36: the termination of conductors. Excluding the
B37: conductors and transformer. Discharge current 10kA.
A39: 2.6 | B39: 11kV, MCOV 19.2kV Surge arrestor,
B40: 31mm/kV, coastal. | D40: 3100 | E40: Set | F40: 3 | G40: 880 | J40: =(H40+I40)*F40 -> 0
A42: 2.7 | B42: 11kV, MCOV 19.2kV Surge arrestor,
B43: 31mm/kV, coastal. | D43: 3100 | E43: Set
B44: Medium Voltage Sectionalisers and Links
B46: Supply and install link isolators as detailed
B47: including the installation of crossarm brackets
B48: and the termination of conductors and including
B49: the drilling of holes in wooden poles as required
B50: 15k fused links.
A53: 2.9 | B53: Section links,Single Pole (2.5 X-am)(three phase). | D53: 1848 | E53: No | F53: 2 | G53: 465.77 | J53: =(H53+I53)*F53 -> 0
B54: Solid Links | D54: 3086
A56: 2.1 | B56: Equipment links,Single Pole (2.5m X-am)
B57: (dual phase) Fuse Links. | D57: 1849 | E57: No | F57: 0 | J57: =(H57+I57)*F57 -> 0
A60: 2.11 | B60: Equipment links, Single Pole (2.5m X-am)
B61: (three phase) Fuse Links, 11kV. | D61: 1849 | E61: No | F61: 0 | J61: =(H61+I61)*F61 -> 0
B65: Amount carried over to next page | J65: =SUM(J13:J62) -> 0
A66: Item | B66: Description | D66: DDT Ref | E66: Unit | F66: Qty
B68: Amount brought forward from previous page | J68: =J65 -> 0
B71: Neutral Surge Arrestor
B73: Supply and install a LV surge arrestor including
B74: lugs and galvanised bolts.
A76: 2.1 | B76: 6kV, 10kA Surge Arrestor | D76: 3088 | E76: No | F76: 3 | G76: 690 | J76: =(H76+I76)*F76 -> 0
B80: Transformer & Equipment Earthing
B82: Supply and install all materials for the complete
B83: earthing of transformer structures for ABC networks
B84: as specified. Included in the rate shall be all required
B85: spikes, insulated copper conductor, excavations,
B86: backfilling, etc. The rate shall allow for all required
B87: MV earth electrodes, consisting of four earth spikes
B88: in accordance with the Distribution specification,
B89: Part 2. Additional earth spikes / conductor shall
B90: be measuresd alsewhere if required.
A92: 2.11 | B92: MV Earth | D92: 1860 | E92: No | F92: 3 | G92: 2775.88 | J92: =(H92+I92)*F92 -> 0
B116: TOTAL: Carried forward to summary | J116: =SUM(J68:J113) -> 0

Sheet 3 MV overhead
A1: BILL NO 3 - MEDIUM VOLTAGE OVERHEAD DISTRIBUTION SYSTEM
A3: SHAYAMOYA ELECTRIFICATION
A4: Item | B4: Description | D4: DDT Ref | E4: Unit | F4: Qty | H4: Supply Rate | I4: Install Rate | J4: Total Price
B6: CONDUCTOR
B8: Supply, safely store on sealed drums with ends
B9: adequately secured and transport to site conductor
B10: as specified. String conductor as specified
B11: including splices, jumper conductor ties, strain
B12: clamps, suspension clamps, tensioning,
B13: sagging, etc.
B15: The following dimensions will all be
B16: Conductor Length with 10% is allowed for
B17: slack & wastage. Additional wastage/slack
B18: Additional wastage/slack is for Contractor's
B19: account.
A21: 3.1 | B21: COND,ACSR FOX 8.37D UNGRS | D21: 3136 | E21: m | F21: 6000 | G21: 13 | J21: =(I21+H21)*F21 -> 0
B22: 2000m line length
B23: MV STRUCTURES
B25: Allow for the following structures and insulator
B26: assemblies in accordance with the
B27: specifications as shown in the drawings.
B28: Include the specified crossarms, drilling of
B29: holes and treating of such holes, the provision
B30: of the U-nails and earthwire in accordance
B31: with Eskom specifications. All jumpers to
B32: links and transformers to be installed with
B33: PVC black pipe. Supply and installation
B34: of 15m of 3/3.35x1100MPa steel wire for a
... B40: MV & LV structures as per 03TB-34 or later
A41: Note | B41: approved Eskom standard.
B43: Supply and install all material as specified for
B44: the construction of the following MV structures.
B45: Including bonding of hardware and earthing.
B46: All excavations, poles, crossarms and stay
B47: are measured elsewhere.
B49: Note: RX refers to statutory road crossings
B50: with the relevant DDT0257-10kN-31mm/kV
B51: post insulator, full wrap tie (suspension
B52: structures) or DDT0251 - 40KN-31mm/KV
B53: longrod with pistolgrips (strain structures).
A55: 3.2 | B55: Delta / 2,5m Wood X-arm - Intermediate -
B56: 0° Deviation | D56: 1340B | E56: No | J56: =(I56+H56)*F56 -> 0
A58: 3.3 | B58: Delta / 2,5m Wood X-arm - Strain -
B59: 0° Deviation | D59: 1340B | E59: No | J59: =(I59+H59)*F59 -> 0
A61: 3.4 | B61: Delta / 2,5m Wood X-arm - Strain -
B62: 0° Deviation (RX). | D62: 1343 | E62: No | J62: =(I62+H62)*F62 -> 0
A64: 3.5 | B64: Delta / 2,5m Wood X-arm - Strain - Medium | C64: Delta / 2,5m Wood X-arm - Strain - Medium
B65: (1°- 60°) Deviation. | C65: (1°- 60°) Deviation. | D65: 1343 | E65: No | J65: =(I65+H65)*F65 -> 0
B68: Amount carried over to next page | J68: =SUM(J17:J66) -> 0
A69: Item | B69: Description | D69: DDT Ref | E69: Unit | F69: Qty
B71: Amount brought forward from previous page | J71: =J68 -> 0
A74: 3.6 | B74: Delta / 2,5m Wood X-arm - Strain - Medium
B75: (1°- 60°) Deviation. | D75: 1344 | E75: No
A77: 3.7 | B77: Delta / 2,5m Wood X-arm - Strain - Medium
B78: (1°- 60°) Deviation (RX). | D78: 1344 | E78: No
A80: 3.8 | B80: Delta / 2,5m Wood X-arm - Strain - Terminal | D80: 1346 | E80: No | J80: =(I80+H80)*F80 -> 0
A82: 3.9 | B82: Delta / 2,5m Wood X-arm - Strain - Terminal(RX) | D82: 1346 | E82: No | J82: =(I82+H82)*F82 -> 0
B84: 3 PHASE STRUCTURES GENERAL ARRANGEMENT
A86: 3.1 | B86: Delta / 2,5m Wood X-arm - Intermediate -
B87: 0° Deviation | D87: 1740B | E87: No | F87: 10 | G87: 3374.95 | J87: =(I87+H87)*F87 -> 0
A89: 3.11 | B89: Delta / 2,5m Wood X-arm - Intermediate -
B90: 0° Deviation (RX). | D90: 1740B | E90: No | J90: =(I90+H90)*F90 -> 0
A92: 3.12 | B92: Delta / 2,5m Wood X-arm - Strain - 0° Deviation | D92: 1743 | E92: No | J92: =(I92+H92)*F92 -> 0
A94: 3.13 | B94: Delta / 2,5m Wood X-arm - Strain -
B95: 0° Deviation (RX). | D95: 1743 | E95: No | F95: 6 | G95: 4610.26 | J95: =(I95+H95)*F95 -> 0
A97: 3.14 | B97: Delta / 2,5m Wood X-arm - Strain - Medium
B98: (1°-60°) Deviation | D98: 1744 | E98: No | F98: 6 | J98: =(I98+H98)*F98 -> 0
A100: 3.15 | B100: Delta / 2,5m Wood X-arm - Strain - Medium
B101: (1°-60°) Deviation (RX). | D101: 1744 | E101: No | J101: =(I101+H101)*F101 -> 0
A103: 3.16 | B103: Delta / 2,5m Wood X-arm - Strain - Terminal | D103: 1746 | E103: No | F103: 10 | G103: 2607.76 | J103: =(I103+H103)*F103 -> 0
A105: 3.17 | B105: Delta / 2,5m Wood X-arm - Strain- Medium -
B106: (60°-90°) Deviation | D106: 1745 | E106: No | F106: 1 | J106: =(I106+H106)*F106 -> 0
A108: 3.18 | B108: 3 Phase - Delta / 4,5m Wood X-arm –
B109: Intermediate - 0° Deviation (3 with road crossing) | D109: 1750 | E109: No | J109: =(I109+H109)*F109 -> 0
B113: Amount carried over to next page | J113: =SUM(J71:J111) -> 0
A114: Item | B114: Description | D114: DDT Ref | E114: Unit | F114: Qty
B116: Amount brought forward from previous page | J116: =J113 -> 0
B119: MV STRUCTURES
B121: Allow for the following structures and insulator
B122: assemblies in accordance with the
B123: specifications as shown in the drawings.
B124: Include the specified crossarms, drilling of
B125: holes and treating of such holes, the provision
B126: of the U-nails and earthwire in accordance
B127: with Eskom specifications. All jumpers to
B128: links and transformers to be installed with
B129: PVC black pipe. Supply and installation
B130: of 15m of 3/3.35x1100MPa steel wire for a
B131: BIL for each pole structure as per Eskom
... B136: structures as per 03TB-34 or later approved
A137: Note | B137: Eskom standard.
B139: Supply and install all material as specified for
B140: the construction of the following MV structures.
B141: Including bonding of hardware and earthing.
B142: All excavations, poles, crossarms and
B143: stays are measured elsewhere.
B145: Note: RX refers to statutory road crossings
B146: with the relevant DDT0257-10kN-31mm/kV
B147: post insulator, full wrap tie (suspension
B148: structures) or DDT0251-40kN-31mm/kV
...

Sheet 4 Overhead support
A1: BILL NO 4 - SUPPORT FOR OVERHEAD RETICULATION
A3: SHAYAMOYA ELECTRIFICATION
A4: Item | B4: Description | D4: DDT Ref | E4: Unit | F4: Qty | H4: Supply Rate | I4: Install Rate | J4: Total Price
B6: POLES AND CROSSARMS
B8: Supply and safely store the following poles.
B9: Transport to site of works and install pole in
B10: excavated hole, including cutting and scafing,
B11: kicking blocks, bonding, treating, etc. Excavations
B12: and compaction are measured elsewhere.
A14: 4.1 | B14: 7m Pole, 120-139mm top diameter ( C ) | D14: 0050 | E14: No | F14: 65 | G14: 612.45 | J14: =(H14+I14)*F14 -> 0
A16: 4.2 | B16: 9m Pole, 140-159mm top diameter ( D ) | D16: 0055 | E16: No | F16: 15 | G16: 1220 | J16: =(H16+I16)*F16 -> 0
A18: 4.3 | B18: 10m Pole, 200-219mm top diameter ( J ) | D18: 0052 | E18: No | J18: =(H18+I18)*F18 -> 0
A20: 4.4 | B20: 11m Pole, 140-159mm top diameter ( V ) | D20: 0051 | E20: No
A22: 4.5 | B22: 11m Pole, 160-179mm top diameter ( K ) | D22: 0051 | E22: No | F22: 5 | J22: =(H22+I22)*F22 -> 0
A24: 4.6 | B24: 11m Pole, 180-199mm top diameter ( L ) | D24: 0051 | E24: No | F24: 25 | G24: 2310 | J24: =(H24+I24)*F24 -> 0
A26: 4.7 | B26: 11m Pole, 200-219mm top diameter ( M ) | D26: 0051 | E26: No | F26: 0 | J26: =(H26+I26)*F26 -> 0
A28: 4.8 | B28: 12m Pole, 180-200mm top diameter ( U ) | D28: 0053 | E28: No | F28: 1 | G28: 2160 | J28: =(H28+I28)*F28 -> 0
A30: 4.9 | B30: 13m Pole, 180-199mm top diameter ( P ) | D30: 0056 | E30: No
B32: Supply, off load and install the following
B33: wooden cross arms.
A35: 4.1 | B35: 2.5m, 140 -159mm Diameter | D35: 0061 | E35: No | F35: 0 | G35: 601.55 | J35: =(H35+I35)*F35 -> 0
A37: 4.11 | B37: 3.5m, 140 -159mm Diameter | D37: 0063 | E37: No | J37: =(H37+I37)*F37 -> 0
A39: 4.12 | B39: 4.5m, 160 -179mm Diameter | D39: 0064 | E39: No | J39: =(H39+I39)*F39 -> 0
A41: 4.13 | B41: 6m, 160 -179mm Diameter | D41: 0064 | E41: No | J41: =(H41+I41)*F41 -> 0
B43: The following stays shall be in accordance
B44: with the specifications and shall include stay plate.
A46: 4.14 | B46: MV Stay (DDT0341 rev 9, BIL 40kV & 150kV) | D46: 0341 | E46: No | F46: 20 | G46: 1667 | J46: =(H46+I46)*F46 -> 0
A48: 4.15 | B48: LV Stay | D48: 0341 | E48: No | F48: 50 | G48: 980.55 | J48: =(H48+I48)*F48 -> 0
A50: 4.16 | B50: MV Flying Stay | D50: 0343 | E50: No | J50: =(H50+I50)*F50 -> 0
A52: 4.17 | B52: LV Flying Stay | D52: 0343 | E52: No | J52: =(H52+I52)*F52 -> 0
B54: The following struts shall be in accordance with
B55: the specifications and shall include poles
B56: & excavation.
A58: 4.18 | B58: MV Strut | D58: 0342 | E58: No | F58: 10 | G58: 0 | J58: =(H58+I58)*F58 -> 0
A60: 4.19 | B60: LV Strut | D60: 1167 | E60: No | F60: 15 | J60: =(H60+I60)*F60 -> 0
B63: Amount carried over to next page | J63: =SUM(J11:J61) -> 0
A64: Item | B64: Description | D64: DDT Ref | E64: Unit | F64: Qty
B66: Amount brought forward from previous page | J66: =J63 -> 0
B70: EXCAVATIONS AND COMPACTION
B72: The excavations for service connections are
B73: measured elsewhere.
B75: Determination of pole positions, excavate, and
B76: supply a mechanical boring device if required.
B77: The rate shall include backfilling, compaction
B78: to 93% MOD AASHTO density, and where necessary
B79: the supply and transportation of suitable ground
B80: as may be required to receive the desired
B81: compaction, except where cement is specified.
B82: Any damage to existing services shall be made
B83: good by the Contractor at his own expense and to
... B91: out inspections. Ref CR (11).
A93: 4.2 | B93: Hole for 7m pole - 1.3m deep | D93: 0332 | E93: No | F93: =F14 -> 65 | J93: =(H93+I93)*F93 -> 0
A95: 4.21 | B95: Hole for 9m pole - 1.5m deep | D95: 0332 | E95: No | F95: =F16 -> 15 | J95: =(H95+I95)*F95 -> 0
A97: 4.22 | B97: Hole for 10m pole - 1.6m deep | D97: 0332 | E97: No | J97: =(H97+I97)*F97 -> 0
A99: 4.23 | B99: Hole for 11m pole - 1.8m deep | D99: 0332 | E99: No | F99: =F22+F24 -> 30 | J99: =(H99+I99)*F99 -> 0
A101: 4.24 | B101: Hole for 12m pole - 2.0m deep | D101: 0332 | E101: No | F101: =F28 -> 1 | J101: =(H101+I101)*F101 -> 0
A103: 4.25 | B103: Hole for 13m pole - 2.2m deep | D103: 0332 | E103: No | J103: =(H103+I103)*F103 -> 0
A105: 4.26 | B105: Hole for MV stay - 1.5m deep | D105: 0350 | E105: No | F105: =F46 -> 20 | J105: =(H105+I105)*F105 -> 0
A107: 4.27 | B107: Hole for LV stay - 1.4m deep | D107: 0350 | E107: No | F107: =F48 -> 50 | J107: =(H107+I107)*F107 -> 0
A109: 4.28 | B109: Hole for MV strut - 1.8m deep | D109: 0342 | E109: No | F109: =F58 -> 10 | J109: =(H109+I109)*F109 -> 0
A111: 4.29 | B111: Hole for LV strut - 1.3m deep | D111: 0342 | E111: No | F111: =F60 -> 15 | J111: =(H111+I111)*F111 -> 0
A114: 4.3 | B114: Provisional blasting - Up to 2,2m deep. | E114: No | J114: Rate only
A116: 4.31 | B116: Rock excavation (the contractor is to provide | E116: No | J116: Rate only
B117: adequate measures to ensure a rock hole be
B118: exacavated to the correct depth to faciliate
B119: the correct infrastructure, this may include
B120: the excavation per rock hole by mechanical
B121: means viz. Compressors dependent on diesel
B123: Amount carried over to next page | J123: =SUM(J66:J120) -> 0
A124: Item | B124: Description | D124: DDT Ref | E124: Unit | F124: Qty
B126: Amount brought forward from previous page | J126: =J123 -> 0
B130: POLE LABES
B132: Supply and install labels on all poles in
B133: accordance with the specifications including the
B134: provision of all fixing materials.
A136: 4.32 | B136: Equipment labels | E136: No | F136: 0 | G136: 210 | J136: =(H136+I136)*F136 -> 0
A138: 4.33 | B138: Mosdorfer fuse rating labels (transformers) | E138: No | F138: 0 | G138: 178 | J138: =(H138+I138)*F138 -> 0
A140: 4.34 | B140: Fuse - "Warning. Open all fuses before
B141: working on line" | E141: No | J141: =(H141+I141)*F141 -> 0
A143: 4.35 | B143: Transformer Max fuse notification label | E143: No | J143: =(H143+I143)*F143 -> 0
A145: 4.36 | B145: Feeder Max Fuse notification label | E145: No | J145: =(H145+I145)*F145 -> 0
A147: 4.37 | B147: Danger Labels (transformers, links,
B148: anti-climbings) | D148: 3202 | E148: No | J148: =(H148+I148)*F148 -> 0
A150: 4.38 | B150: LV Feeder Labels | E150: No | J150: =(H150+I150)*F150 -> 0
A152: 4.39 | B152: House Connections Labels | E152: No | J152: =(H152+I152)*F152 -> 0
A154: 4.4 | B154: Pole Top Box Phase Labels | E154: No | J154: =(H154+I154)*F154 -> 0
A156: 4.41 | B156: Spiral Vibration Dampers (Fox) | D156: 3175 | E156: ea | J156: =(H156+I156)*F156 -> 0
A158: 4.42 | B158: Bird Floappers | J158: =(H158+I158)*F158 -> 0
A160: 4.42 | B160: Anti-Climbing Device as per 05TI09. | E160: ea | J160: =(H160+I160)*F160 -> 0
B161: Including the removal of existing spikes.
B162: Galvanised wire per DDT3170. Galvanises
B165: TOTAL: Carried forward to summary | J165: =SUM(J126:J163) -> 0

Sheet 5 LV Overhead
A1: BILL NO 5 - OVERHEAD DISTRIBUTION LINES
A3: SHAYAMOYA ELECTRIFICATION
A4: Item | B4: Description | D4: DDT Ref | E4: Unit | F4: Qty | H4: Supply Rate | I4: Install Rate | J4: Total Price
A6: 5.1 | B6: Single phase ABC (35mm2, 2 core) - insulated
B7: neutral. (400m Lline length) | D7: 3141 | E7: m | F7: 400 | J7: =((F7*H7)+(F7*I7)) -> 0
A9: 5.2 | B9: Dual phase ABC (35mm2, 3 core) - insulated
B10: neutral. (0m line length) | D10: 3141 | E10: m | F10: 0 | J10: =((F10*H10)+(F10*I10)) -> 0
A12: 5.3 | B12: Three phase ABC (35mm2, 3 core) - insulated
B13: neutral. (3200m line length) | D13: 3141 | E13: m | F13: 3200 | G13: 63 | J13: =((F13*H13)+(F13*I13)) -> 0
A15: 5.4 | B15: Three phase ABC (70mm2, 4 core) - insulated
B16: neutral. | D16: 3141 | E16: m | J16: =((F16*H16)+(F16*I16)) -> 0
A19: 5.5 | B19: Single Phase ABC Intermediate Assembly | D19: 1153 | E19: No | F19: 4 | J19: =((F19*H19)+(F19*I19)) -> 0
A21: 5.6 | B21: Single Phase ABC Terminal Assembly | D21: 1154 | E21: No | F21: 7 | J21: =((F21*H21)+(F21*I21)) -> 0
A23: 5.7 | B23: Single Phase ABC Strain Assembly (0-60 deg) | D23: 1155 | E23: No | F23: 2 | J23: =((F23*H23)+(F23*I23)) -> 0
A25: 5.8 | B25: Single Phase ABC Strain Assembly (60-90 deg) | D25: 1156 | E25: No | F25: 0 | J25: =((F25*H25)+(F25*I25)) -> 0
B27: Amount carried over to next page | J27: =SUM(J7:J26) -> 0
A28: Item | B28: Description | D28: DDT Ref | E28: Unit | F28: Qty
B30: Amount brought forward from previous page | J30: =J27 -> 0
A31: 5.9 | B31: Single Phase ABC Tee from Intermediate | D31: 1157 | E31: No | F31: 1 | J31: =(I31+H31)*F31 -> 0
A33: 5.1 | B33: Single Phase ABC X Suspensionn Assembly | D33: 1158 | E33: No | F33: 0 | J33: =(I33+H33)*F33 -> 0
A35: 5.11 | B35: Single Phase ABC Tee from Strain | D35: 1159 | E35: No | F35: 0 | J35: =(I35+H35)*F35 -> 0
A37: 5.12 | B37: Single Phase ABC X Intermediate Strain
B38: Assembly. | D38: 1160 | E38: No | F38: 0 | J38: =(I38+H38)*F38 -> 0
B40: ABC Two Phase
A41: 5.13 | B41: Dual Phase ABC Intermediate Assembly | D41: 1145 | E41: No | J41: =(I41+H41)*F41 -> 0
A43: 5.14 | B43: Dual Phase ABC Terminal Assembly | D43: 1146 | E43: No | F43: 0 | J43: =(I43+H43)*F43 -> 0
A45: 5.15 | B45: Dual Phase ABC Strain Assembly (0-60 deg) | D45: 1147 | E45: No | F45: 0 | J45: =(I45+H45)*F45 -> 0
A47: 5.16 | B47: Dual Phase ABC Strain Assembly (60-90 deg) | D47: 1148 | E47: No | J47: =(I47+H47)*F47 -> 0
A49: 5.17 | B49: Dual Phase ABC Tee from Intermediate | D49: 1149 | E49: No | J49: =(I49+H49)*F49 -> 0
A51: 5.18 | B51: Dual Phase ABC X Suspensionn Assembly | D51: 1150 | E51: No
A53: 5.19 | B53: Dual Phase ABC Tee from Strain | D53: 1151 | E53: No | J53: =(I53+H53)*F53 -> 0
A55: 5.2 | B55: Single Phase ABC X Intermediate Strain
B56: Assembly | D56: 1152 | E56: No
B58: ABC Three Phase
A59: 5.21 | B59: Thee Phase ABC Suspension Assembly 0-30 | D59: 1100 | E59: No | F59: 25 | G59: 101.97 | J59: =(I59+H59)*F59 -> 0
A61: 5.22 | B61: Thee Phase ABC Terminal Assembly | D61: 1120 | E61: No | F61: 24 | G61: 204.22 | J61: =(I61+H61)*F61 -> 0
A63: 5.23 | B63: Thee Phase ABC Strain Assembly (0-60 deg) | D63: 1121 | E63: No | F63: 22 | J63: =(I63+H63)*F63 -> 0
A65: 5.24 | B65: Three Phase ABC Strain Assembly (60-90 deg) | D65: 1122 | E65: No | F65: 8 | G65: 348.01 | J65: =(I65+H65)*F65 -> 0
A67: 5.25 | B67: Three Phase ABC Tee from Intermediate
B68: Assembly | D68: 1140 | E68: No | F68: 2 | G68: 316.34 | J68: =(I68+H68)*F68 -> 0
A70: 5.3 | B70: Three phase ABC (70mm x 3 core) - insulated
A71: 5.27 | B71: Three Phase ABC Tee from Strain | D71: 1142 | E71: m | F71: 12 | G71: 377.12 | J71: =(I71+H71)*F71 -> 0
A73: 5.28 | B73: Three Phase ABC X Intermediate Strain
B74: Assembly. | D74: 1143 | E74: m | F74: 2 | G74: 752.35 | J74: =(I74+H74)*F74 -> 0
B76: Amount carried over to next page | J76: =SUM(J30:J74) -> 0
A77: Item | B77: Description | D77: DDT Ref | E77: Unit | F77: Qty
B79: Amount brought forward from previous page | J79: =J76 -> 0
B83: LV FUSE SWITCHES UNITS
B85: Supply, deliver to site, off load on site and safely
B86: store. The fused switch shall be supplied complete
B87: with the pole mounting bracket, nuts, bolts,
B88: washers, etc. for securing the unit to the wooden
B89: pole. The fuses shall be supplied with the fuse
B90: switch unit. Fuse ratings shall be as shown on the
B91: drawings. Install the on load fused disconnecting
B92: switch on the transformer structure including
B93: the drilling of holes as required, including the
B94: termination of the LV ABC to the unit. Fuse ratings
B95: below allow for 120% overload.
... B98: per LV feeder for isolation/protection.
A100: 5.29 | B100: 63A Dual Phase Load disconnecting switch
B101: MORSDORPHER. | D101: 0309 | E101: No | F101: 1 | J101: =(I101+H101)*F101 -> 0
A103: 5.3 | B103: 80A Three Phase Load disconnecting switch
B104: MORSDORPHER. | D104: 0309 | E104: No | F104: 1 | J104: =(I104+H104)*F104 -> 0
A106: 5.34 | B106: 125A Three Phase Load disconnecting switch
B107: MORSDORPHER. | D107: 0309 | E107: No | F107: 1 | G107: 1120 | J107: =(I107+H107)*F107 -> 0
A109: 5.35 | B109: 160A Three Phase Load disconnecting switch
B110: MORSDORPHER. | D110: 0309 | E110: No
B113: EARTHING OF LV NETWORK
A115: Note | B115: All MV transformer earthing is measured elsewhere
B116: and all LV earths per structure are measured with
B117: the structure. This section is intended for LV earths
B118: at transformers.
B120: Allowance shall be made for the testing
B121: (including earth loop impedance) of the earth
B122: resistance for the entire reticulation system in
B123: accordance with the TN-C-S earthing system as
B124: defined in the Distribution Standard Part 2 and any
B125: earth tests which may be required in terms of the
B126: standard and detailed specifications.
B127: Use 2 x H-Crimps - neutral connection point.
A129: 5.31 | B129: LV Earth | D129: 0627 | E129: No | F129: 3 | G129: 2775.88 | J129: =(I129+H129)*F129 -> 0
A131: 5.32 | B131: 1-2 Way 1x50A MCB Split Box in ABC Split Box onto Insulated Neutral ABC | E131: No | F131: 60 | G131: 720.66 | J131: =(I131+H131)*F131 -> 0
B137: Amount carried over to next page | J137: =SUM(J79:J134) -> 0
A138: Item | B138: Description | D138: DDT Ref | E138: Unit | F138: Qty
B140: Amount brought forward from previous page | J140: =J137 -> 0
B143: LV Pole Mounted Pole top boxes
A145: 5.33 | B145: 1-4 Way 1x50A MCB Split Box in ABC Split Box onto Insulated Neutral ABC | E145: No | F145: 15 | G145: 812.22 | J145: =(I145+H145)*F145 -> 0
A148: 5.34 | B148: 5-8 Way 1x50A MCB Split Box in ABC Split Box onto Insulated Neutral ABC | E148: No | F148: 0 | G148: 1290 | J148: =(I148+H148)*F148 -> 0
B150: TESTING
B152: Allowance shall be made for the testing of each
B153: LV ABC distributor on accordance with the project
B154: specification. Included shall be the provision of
B155: test certificates and all documentation as required.
A157: 5.35 | B157: LV Test, per zone. Ref. SCSASABZ1 | E157: No | F157: 8 | J157: =(I157+H157)*F157 -> 0
B161: TOTAL: Carried forward to summary | J161: =SUM(J140:J159) -> 0

Sheet 6 House connection
A1: BILL NO 6 - HOUSE CONNECTIONS
A3: SHAYAMOYA ELECTRIFICATION
A4: Item | B4: Description | D4: DDT Ref | E4: Unit | F4: Qty | H4: Supply Rate | I4: Install Rate | J4: Total Price
B6: House Connections
B8: House Connections , test and commissioning
B9: complete. Poles and excavation are measured
B10: elsewhere.
A12: 6.1 | B12: Type A | D12: D-DT-0360 | E12: No | J12: =(H12+I12)*F12 -> 0
A14: 6.2 | B14: Type B - (Service pole 100%) | D14: D-DT-0361 | E14: No | F14: 100 | G14: 198.98 | J14: =(H14+I14)*F14 -> 0
B16: Supply, transport to site,
B17: off load on site and safely store on site the following
B18: Split meters and bases, keypad , complete with rail,
B19: galvanised steel mounting brackets for securing
B20: to the dwelling, nuts, bolts, washers and lock
B21: washers as required. Secure the readyboards,
B22: ECU and brackets to the dwelling as required
B23: including the termination of conductors. Excluding
B24: the conductors.
A26: 6.3 | B26: READYBOARD, 20A,SMART METER 2x16A SKTS D3176 | E26: No | F26: 100 | J26: =(H26+I26)*F26 -> 0
A28: 6.4 | B28: METER, 20A, SMART, POWER RAIL WITH SHROUD & KEYPAD | E28: No | F28: 100 | G28: 2650 | J28: =(H28+I28)*F28 -> 0
A30: 6.4.1. | B30: Data Concentrator | E30: No | F30: 3 | G30: 0 | J30: =(H30+I30)*F30 -> 0
B32: CONDUCTOR
A34: Note | B34: Measured lengths for stringing shall be net line route
B35: lengths and unit rates shall include for sag,
B36: cut-offs etc.
B38: Contractor to supply, safely store, transport to site
B39: and string. Installation includes all glands, lugs,
B40: shrouds, termination and connections as required.
A42: 6.5 | B42: Cable 1KV 2C 6mm SQ Concentric | E42: m | F42: =35*100 -> 3500 | G42: 57 | J42: =(H42+I42)*F42 -> 0
A44: 6.6 | B44: Cable 1KV 2C 10mm SQ Concentric CU | E44: m
A46: 6.7 | B46: Submit populated Control Sheet and PCS
B47: CorDaptix information to the Project Engineer
B48: upon the successful energising of a customer.
B49: Payment will only be made upon the successful
B50: loading of the Data onto KDM's CorDaptix
B51: software system. Resolve queries raised by
B52: the Engineer. | E52: No | J52: =(H52+I52)*F52 -> 0
B54: SUNDRY ITEMS
B56: Supply and install pole in excavated hole, including
B57: cutting and scafing, kicking bolts, bonding,
B58: treating, etc. Excavations and compaction are
B59: measured elsewhere.
A61: 6.8 | B61: 5m Pole, 80-99mm top diameter | D61: 0058A | E61: No | F61: 100 | J61: =(H61+I61)*F61 -> 0
C62: `
A63: 6.9 | B63: 7m Pole, 100-120mm top diameter | D63: 0058B | E63: No | J63: =(H63+I63)*F63 -> 0
B70: Amount carried over to next page | J70: =SUM(J12:J67) -> 0
A71: Item | B71: Description | D71: DDT Ref | E71: Unit | F71: Qty
B73: Amount brought forward from previous page | J73: =J70 -> 0
B76: Determination of pole positions, excavate in all
B77: ground conditions as necessary, and supply a
B78: mechanical boring device if required. The rate shall
B79: include backfilling, compaction to 93% MOD AASHTO
B80: density, and where necessary the supply and
B81: transportation of suitable ground as may be
B82: required to receive the desired compaction, except
B83: where cement is specified. Any damage to existing
B84: services shall be made good by the Contractor
B85: at his own expense and to the approval or the PM(C).
A87: 6.1 | B87: Hole for 5m service pole - 1m deep | E87: No | F87: 100 | J87: =(H87+I87)*F87 -> 0
A89: 6.11 | B89: Hole for 7m service pole - 1.3m deep | E89: No | J89: =(H89+I89)*F89 -> 0
B96: TOTAL: Carried forward to summary | J96: =SUM(J73:J92) -> 0

Sheet 7 Dismantling
A1: BILL NO 7 - DISMANTLING & REMOVAL
A3: SHAYAMOYA ELECTRIFICATION
A4: Item | B4: Description | D4: DDT Ref | E4: Unit | F4: Qty | G4: Supply Rate | H4: Install Rate | I4: Total Price
B6: Recovering of Transformers, Structures,
B7: Insulators and Line Hardware.
B9: Allow for the disassembly , removal transport to
B10: site store & to Eskom Germany for areas within
B11: Eskom licensed area and booked back to
B12: stores with the relevant documentation.
B13: Allow for the disassembly , removal transport to
B14: site store & to KDM stores for areas within
B15: KDM licensed area and booked back to
B16: stores with the relevant documentation. Include
B17: the backfilling consolidation and levelling of soil
B18: from excavation at the site of recovery.
A20: 7.1 | B20: Fox Conductor | E20: No | F20: 150 | I20: =(G20+H20)*F20 -> 0
A22: 7.2 | B22: Woodpoles MV incl. crossarms, insulators and
B23: hardware. | E23: No | F23: 3 | I23: =(G23+H23)*F23 -> 0
A25: 7.3 | B25: Stays assemblies complete (LV/MV). | E25: No | F25: 3 | I25: =(G25+H25)*F25 -> 0
A27: 7.4 | B27: Cross Arms, including assembly,
B28: accessories etc. | E28: No | F28: 0 | I28: =(G28+H28)*F28 -> 0
B33: TOTAL: Carried forward to summary | I33: =SUM(I20:I32) -> 0

Sheet 9 Summary
B2: FINAL SUMMARY
B4: SHAYAMOYA ELECTRIFICATION
B5: Item | C5: Description | D5: Total Supply | E5: Total Install | F5: Total Price (R)
B7: 1 | C7: PRELIMINARY AND GENERAL | F7: ='1 P&G'!G129 -> 0
B9: 2 | C9: MEDIUM VOLTAGE SWITCHGEAR, SECTIONALISERS, TRANSFORMERS, ETC. | F9: ='2MV transformers, etc'!J116 -> 0
B11: 3 | C11: MEDIUM VOLTAGE OVERHEAD DISTRIBUTION SYSTEM | F11: ='3 MV overhead'!J224 -> 0
B13: 4 | C13: SUPPORT FOR OVERHEAD RETICULATION | F13: ='4 Overhead support'!J165 -> 0
B15: 5 | C15: LOW VOLTAGE OVERHEAD DISTRIBUTION LINES | F15: ='5 LV Overhead'!J161 -> 0
B17: 6 | C17: CUSTOMER SERVICES AND GENERAL | F17: ='6 House connection'!J96 -> 0
B19: 7 | C19: DISMANTLING | F19: ='7 Dismantling'!I33 -> 0
B21: 9 | C21: ESKOM APPROVED CLERK OF WORKS | F21: 0
C23: SUB TOTAL 1 | D23: =SUM(D7:D22) -> 0 | E23: =SUM(E6:E19) -> 0 | F23: =SUM(F7:F21) -> 0
C25: Contigency @10% | F25: =0.1*F23 -> 0
C26: SUB TOTAL 2 | F26: =F25+F23 -> 0
C28: VALUE ADDED TAX ( Vat @ 15% ) | F28: =0.15*F26 -> 0
C30: TOTAL | F30: =F28+F26 -> 0
